 Dungeon Crawl Stone Soup version 0.31.0-12-g77e489cdc1 (webtiles) character file.

Game seed: 585535580741182871

2 Gadfly the Covered (level 1, -4/14 HPs)
             Began as a Gargoyle Fighter on Mar 1, 2024.
             Slain by a gnoll
             ... wielding a +0 flail
              (7 damage)
             ... on level 1 of the Dungeon.
             The game lasted 00:00:09 (61 turns).

Gadfly the Covered (Gargoyle Fighter)                 Turns: 61, Time: 00:00:10

Health: -4/14      AC:  9    Str: 19    XL:     1   Next: 30%
Magic:  1/1        EV:  9    Int:  8    God:
Gold:   28         SH:  4    Dex:  9    Spells: 0/0 levels left

rFire   . . .        a - +0 flail
rCold   . . .        c - +0 buckler
rNeg    + . .        b - +0 scale mail
rPois   ∞            (no helmet)
rElec   +            (no cloak)
rCorr   .            (no gloves)
SInv    .            (no boots)
Will    .....        (no amulet) Stlth
                     (no ring)
HPRegen 0.22/turn    (no ring)
MPRegen 0.07/turn

%: no passive effects
@: no status effects
A: sickness immunity, AC +2, negative energy resistance 1, electricity
resistance, torment resistance 1, petrification resistance
a: no special abilities


You were on level 1 of the Dungeon.
You visited 1 branch of the dungeon, and saw 1 of its levels.

You collected 28 gold pieces.

Inventory:

Hand Weapons
 a - a +0 flail (weapon)
Armour
 b - a +0 scale mail (worn)
 c - a +0 buckler (worn)
Scrolls
 e - a scroll of noise {unknown}
Potions
 d - a potion of might


   Skills:
 + Level 3.3 Fighting
 * Level 2.0 Maces & Flails
 + Level 3.3 Armour
 + Level 3.3 Shields
 * Level 0.1 Invocations
 * Level 0.1 Evocations


You couldn't memorise any spells.
You didn't know any spells.
Your spell library was empty.

Dungeon Overview and Level Annotations

Branches:
Dungeon (1/15)

Altars:


Innate Abilities, Weirdness & Mutations

You are immune to sickness and miasma.
Your stone body is resilient. (AC +2)
You are immune to poison.
You resist negative energy. (rN+)
You are resistant to electric shocks. (rElec)
You are resistant to unholy torment.
You are immune to petrification.


Message History

A frilled lizard comes into view.
You see here a +0 club.
You hit the frilled lizard.
You kill the frilled lizard!
No target in view!
No target in view!
No target in view!
No target in view!
No target in view!
e - a scroll labelled VOUCIJ RELAIX You now have 28 gold pieces (gained 9).
A rat comes into view.
Found a scroll labelled KIGHIL MEISERA.
The rat squeaks loudly.
You hear a shout!
You closely miss the rat.
A gnoll comes into view. It is wielding a +0 flail.
The rat bites you but does no damage. The rat barely misses you.
You closely miss the rat. The rat bites you but does no damage.
You barely miss the rat. The rat bites you but does no damage.
You hit the gnoll but do no damage. The gnoll hits you but does no damage.
The rat bites you but does no damage.
You sock the gnoll!
The gnoll is almost dead.
You block the gnoll's attack. The rat closely misses you.
The gnoll closely misses you. The rat bites you.
You barely miss the gnoll.
The gnoll is almost dead.
An endoplasm comes into view.
The gnoll hits you with a +0 flail. The rat bites you but does no damage.
You hit the gnoll but do no damage.
The gnoll is almost dead.
The gnoll barely misses you. You block the rat's attack.
You barely miss the gnoll.
The gnoll is almost dead.
The gnoll hits you with a +0 flail!
Ouch! That really hurt!
* * * LOW HITPOINT WARNING * * *
You block the rat's attack. x2; The gnoll hits you with a +0 flail!
Ouch! That really hurt!
You die...

### ##...######
#.........#
#.........#
#.........#
#.........#
#.........#
#.........#
###........
#@....###
......gr#.....#
######..#.###.#
#J.#.# . ...# #
.##.# . ..# .
###


You could see a gnoll, an endoplasm and a rat.

Vanquished Creatures
  A goblin (D:1)
  A frilled lizard (D:1)
2 creatures vanquished.

Notes
Turn   | Place    | Note
-------+----------+-------------------------------------------
     0 | D:1      | Gadfly the Gargoyle Fighter began the quest for the Orb.
     0 | D:1      | Reached XP level 1. HP: 14/14 MP: 1/1
    61 | D:1      | Slain by a gnoll

Illustrated notes

Levels and vault maps discovered:
D:1:      roderic_chinese_lattice_arrival, layout_basic, serial_shops,
          nicolae_shop_back_alley_shop, minmay_worlds_worst_comb

Action                     || total
---------------------------++-------
  Melee: Flail             ||    10
 Armour: Scale mail        ||    11
  Dodge: Dodged            ||     4
  Block: Buckler           ||     4
